 Dungeon Crawl Stone Soup version 0.27-a0-1245-g940ed4fa31 (webtiles) character file.

Game seed: 2527659675953214731

57 Mesmaeker13 the Caller (level 4, -2/24 HPs)
             Began as a Tengu Summoner on June 9, 2021.
             Slain by a bullfrog (7 damage)
             ... on level 5 of the Dungeon.
             The game lasted 00:03:00 (2880 turns).

Mesmaeker13 the Caller (Tengu Summoner)             Turns: 2880, Time: 00:03:01

Health: -2/24      AC:  2    Str:  8    XL:     4   Next: 0%
Magic:  7/9        EV: 13    Int: 22    God:
Gold:   143        SH:  0    Dex: 15    Spells: 2/8 levels left

rFire    . . .     SeeInvis .   e - +2 flail (drain)
rCold    . . .     Faith    .   (no shield)
rNeg     . . .     Spirit   .   a - +0 robe
rPois    .         Reflect  .   (helmet restricted)
rElec    .         Harm     .   (no cloak)
rCorr    .         Rampage  .   (no gloves)
Will     .....                  (boots unavailable)
Stlth    ++........             (no amulet)
HPRegen  0.08/turn              g - +6 ring of intelligence
MPRegen  0.11/turn              (no ring)

@: no status effects
A: beak, talons 3
a: no special abilities


You were on level 5 of the Dungeon.
You visited 1 branch of the dungeon, and saw 5 of its levels.

You collected 143 gold pieces.

Inventory:

Hand Weapons
 e - a +2 flail of draining (weapon)
 l - a +2 dagger of electrocution
Armour
 a - a +0 robe (worn)
Jewellery
 g - a +6 ring of intelligence (left hand)
Scrolls
 c - a scroll of fog {unknown}
 d - a scroll of amnesia {unknown}
 f - a scroll of summoning {unknown}
 j - 2 scrolls of identify {unknown}
 m - a scroll of fear {unknown}
Potions
 b - a potion of curing {unknown}
 h - a potion of mutation {unknown}
 i - a potion of berserk rage {unknown}
 k - a potion of brilliance {unknown}


   Skills:
 + Level 3.1 Dodging
 - Level 2.0 Stealth
 + Level 2.7 Spellcasting
 + Level 5.4 Summonings


You had 2 spell levels left.
You knew the following spells:

 Your Spells              Type           Power      Damage    Failure   Level
a - Summon Small Mammal   Summ           100%       N/A       1%          1
b - Call Imp              Summ           27%        N/A       1%          2
c - Call Canine Familiar  Summ           27%        N/A       4%          3

Your spell library contained the following spells:

 Spells                   Type           Power      Damage    Failure   Level
 Animate Skeleton         Necr           6%         N/A       13%         1
 Apportation              Tloc           6%         N/A       13%         1
 Corona                   Hex            3%         N/A       13%         1
 Summon Guardian Golem    Hex/Summ       15%        N/A       12%         3
 Summon Ice Beast         Ice/Summ       15%        N/A       38%         4
 Summon Lightning Spire   Summ/Air       15%        N/A       38%         4


Dungeon Overview and Level Annotations

Branches:
Dungeon (5/15)
 Temple: D:4-7

Altars:

Shops:
D:1 (


Innate Abilities, Weirdness & Mutations

You have a beak for a mouth.
You have claws for feet.


Message History

Your white imp dies!
Casting: Call Imp (safe; 1% risk of failure)
Confirm with . or Enter, or press ? or * to list all spells.
The spell is quite dangerous to cast (4% risk of failure)!
Continue anyway? [Y]es or [N]o only, please.
The spell is quite dangerous to cast (4% risk of failure)!
Continue anyway?
Okay, then.
Casting: Call Canine Familiar (quite dangerous; 4% risk of failure)
Confirm with . or Enter, or press ? or * to list all spells.
The spell is quite dangerous to cast (4% risk of failure)!
Continue anyway?
The steam dragon bites your hound. The steam dragon claws your hound.
The steam dragon barely misses your hound.
The steam dragon misses your hound.
Your hound bites the steam dragon but does no damage.
Your hound barely misses the steam dragon.
The steam dragon bites your hound.
The steam dragon closely misses your hound.
Your hound closely misses the steam dragon.
The steam dragon bites your hound.
The steam dragon completely misses your hound.
Your hound closely misses the steam dragon.
Your hound closely misses the steam dragon.
The steam dragon breathes steam at you. The ball of steam hits your hound!!
Your hound dies!
Your hound's corpse disappears in a puff of smoke!
The ball of steam hits you!
You are engulfed in a cloud of scalding steam.
* * * LOW HITPOINT WARNING * * *
There is a stone staircase leading down here.
You climb downwards.
A jelly and a scorpion come into view.
Found a scroll labelled ATYGEZ RUARCH, 28 stones and a chain mail.
Found a stone staircase leading down.
There is a stone staircase leading up here.
A bullfrog comes into view.
Okay, then.
The bullfrog gives a loud, deep croak!
The bullfrog hits you!
You die...

. ... ..
..#######
... ........
##..##[#...#
......>#...#
#.....#...#
+..?J.<.s.+
#.....#..(#
#..##..F@.#
... #.###.#
# ... ...
#### ####


You could see a bullfrog and a scorpion.

Vanquished Creatures
  An adder skeleton (D:4)
  6 bats
  2 endoplasms
  2 giant cockroaches (D:2)
  A goblin (D:1)
  4 hobgoblins
  4 kobolds
  A quokka (D:1)
  4 ball pythons
  2 frilled lizards
  6 rats
33 creatures vanquished.

Vanquished Creatures (collateral kills)
  A gnoll (D:1)
  3 worms
  An orc (D:2)
  A bat (D:2)
  2 giant cockroaches
  2 goblins (D:1)
  A hobgoblin (D:2)
  A jackal (D:2)
  A quokka (D:2)
  A kobold (D:1)
  2 rats (D:2)
16 creatures vanquished.

Vanquished Creatures (others)
  3 plants (D:1)
3 creatures vanquished.

Grand Total: 52 creatures vanquished

Notes
Turn   | Place    | Note
-------+----------+-------------------------------------------
     0 | D:1      | Mesmaeker13 the Tengu Summoner began the quest for the Orb.
     0 | D:1      | Reached XP level 1. HP: 10/10 MP: 4/4
    48 | D:1      | Found Qalociox's Weapon Boutique.
   331 | D:1      | Reached skill level 5 in Summonings
   331 | D:1      | Reached XP level 2. HP: 15/15 MP: 3/6
   567 | D:1      | Learned a level 2 spell: Call Imp
   571 | D:1      | Found a faded altar of an unknown god.
  1406 | D:2      | Reached XP level 3. HP: 18/19 MP: 4/7
  2731 | D:3      | Learned a level 3 spell: Call Canine Familiar
  2788 | D:3      | You fall into a shaft and drop 1 floor!
  2843 | D:4      | Reached XP level 4. HP: 21/24 MP: 7/9
  2857 | D:4      | Noticed a steam dragon
  2878 | D:5      | Entered Level 5 of the Dungeon
  2878 | D:5      | Noticed a scorpion
  2879 | D:5      | Noticed a bullfrog
  2880 | D:5      | Slain by a bullfrog

Illustrated notes

Levels and vault maps discovered:
D:1:      dpeg_arrival_three_same_balls, layout_basic, serial_shops,
          shop_statue, shapermc_ecumenical_altar_gd, moated_statue,
          kennysheep_boxes
D:2:      minmay_recursive_quarters, layout_basic
D:3:      layout_rooms, lemuel_round_altar
D:4:      layout_loops_ring, minmay_temple_entry_overgrown, gup_sewer_entry_pipe
D:5:      kennysheep_windowed_halls, layout_basic, minmay_misc_feat_hallway,
          minmay_misc_feat_tiny

Skill      XL: |  1  2  3 |
---------------+----------+-----
Summonings     | 5 |  5.4
Dodging        | 3 |  3.1
Stealth        | |  2.0
Spellcasting   | |  2.7

Action                   |  1- 3 |  4- 6 || total
-------------------------+-------+-------++-------
Melee: Unarmed           |     7 |       ||     7
       Dagger            |     3 |       ||     3
       Kick              |    11 |       ||    11
       Flail             |    57 |       ||    57
       Peck              |     3 |       ||     3
 Cast: Summon Small Mamm |    10 |       ||    10
       Call Imp          |    14 |       ||    14
       Call Canine Famil |       |     1 ||     1
 Stab: Sleeping          |     7 |       ||     7
Armor: Robe              |    18 |       ||    18
Dodge: Dodged            |    57 |       ||    57

Table legend: (Time is in decaauts)
 A = Elapsed time spent in this place.
 B = Non-inter-level travel time spent in this place.
 C = Inter-level travel time spent in this place.
 D = Time resting spent in this place.
 E = Time spent auto-exploring this place.
 F = Levels seen in this place.
 G = Mean time per level.
                   A        B        C        D        E       F      G
               +--------+--------+--------+--------+--------+-----+--------+
         Total |   2900 |   2713 |    187 |    436 |   1835 |   5 |  580.0 |
       Dungeon |   2900 |   2713 |    187 |    436 |   1835 |   5 |  580.0 |
               +--------+--------+--------+--------+--------+-----+--------+

Top non-repeatable levels by time:
     D:1: 1384 daAuts
     D:2: 1340 daAuts
     D:4: 91 daAuts
     D:3: 82 daAuts
     D:5: 1 daAuts
